 Dungeon Crawl Stone Soup version 0.25.0-41-g26779e291d (webtiles) character file.

Game seed: 3998932843585877846

44 Milting the Firebug (level 3, -1/24 HPs)
             Began as a Human Fire Elementalist on July 10, 2020.
             Slain by a goblin
             ... wielding a +0 club
             ... led by Robin
              (2 damage)
             ... on level 2 of the Dungeon.
             The game lasted 00:10:05 (2420 turns).

Milting the Firebug (Human Fire Elementalist)       Turns: 2420, Time: 00:10:05

Health: -1/24      AC:  2    Str:  8    XL:     3   Next: 87%
Magic:  2/6        EV: 12    Int: 16    God:
Gold:   55         SH:  0    Dex: 13    Spells: 6/7 levels left

rFire    . . .     SeeInvis .   (no weapon)
rCold    . . .     Gourm    .   (no shield)
rNeg     + . .     Faith    .   a - +0 robe
rPois    .         Spirit   .   (no helmet)
rElec    .         Reflect  .   (no cloak)
rCorr    .         Harm     .   (no gloves)
MR       .....                  (no boots)
Stlth    ++........             (no amulet)
HPRegen  0.08/turn              h - ring of positive energy
MPRegen  0.10/turn              (no ring)

@: no status effects
A: no striking features
a: no special abilities


You were on level 2 of the Dungeon.
You were not hungry.

You visited 1 branch of the dungeon, and saw 2 of its levels.

You collected 55 gold pieces.

Inventory:

Hand Weapons
 e - a +0 hunting sling
Armour
 a - a +0 robe (worn)
Jewellery
 h - a ring of positive energy (left hand)
Scrolls
 d - a scroll of remove curse {unknown}
 i - a scroll of fear {unknown}
 j - a scroll of identify {unknown}
Potions
 b - a potion of might {unknown}
 f - a potion of haste {unknown}
 g - a potion of stabbing {unknown}
Comestibles
 c - 3 rations
 k - a chunk of flesh


   Skills:
 - Level 2.0 Dodging
 - Level 2.0 Stealth
 + Level 2.6 Spellcasting
 + Level 2.0 Conjurations
 + Level 3.5 Fire Magic


You had 6 spell levels left.
You knew the following spells:

 Your Spells              Type           Power        Failure   Level  Hunger
a - Foxfire               Conj/Fire      ##..         6%          1    #......

Your spell library contained the following spells:

 Spells                   Type           Power        Failure   Level  Hunger
 Conjure Flame            Conj/Fire      ##......     19%         3    ###....
 Inner Flame              Hex/Fire       #.......     28%         3    ###....
 Sticky Flame             Conj/Fire      ##......     52%         4    #####..
 Fireball                 Conj/Fire      ##........   86%         5    ######.


Dungeon Overview and Level Annotations

Branches:
Dungeon (2/15)

Altars:

Annotations:
D:2 Robin


Message History

The goblin no longer looks unusually strong.
The goblin closely misses you. Robin throws the goblin at you!
You hit the goblin but do no damage. The goblin barely misses you.
You closely miss the goblin. The goblin barely misses you.
The goblin hits you with a +0 dagger.
You hit the goblin.
The goblin is moderately wounded.
The goblin hits you with a +0 club. The goblin hits you with a +0 dagger.
Robin closely misses you.
You closely miss the goblin.
The goblin is moderately wounded.
The goblin misses you. The goblin hits you with a +0 dagger.
* * * LOW HITPOINT WARNING * * *
Robin hits you with a +0 dagger.
* * * LOW HITPOINT WARNING * * *
You hit the goblin.
The goblin is heavily wounded.
The goblin hits you but does no damage. The goblin hits you with a +0 club.
You die...

## . #. #####.###########
......))..†.....#
##.).....###g##############
#..####.# #g@g...........#
###..# #.# ##############.#
..#..# #.# #.# #.#..# #.# #.#
#.#..# #.# #.#
###.#..####.################.#
.............................#
###.##.####.####..###...###..###
###....# #.# #..##.##........#


You could see Robin and 2 goblins.

Vanquished Creatures
  A worm (D:2)
  2 dart slugs (D:1)
  A leopard gecko (D:1)
  A ball python (D:1)
  2 giant cockroaches
  6 goblins
  5 hobgoblins
  3 jackals (D:1)
  4 kobolds (D:1)
  4 frilled lizards
  5 rats
34 creatures vanquished.

Vanquished Creatures (others)
  67 foxfires
67 creatures vanquished.

Grand Total: 101 creatures vanquished

Notes
Turn   | Place    | Note
-------+----------+-------------------------------------------
     0 | D:1      | Milting the Human Fire Elementalist began the quest for the
                  | Orb.
     0 | D:1      | Reached XP level 1. HP: 13/13 MP: 3/3
   421 | D:1      | Reached XP level 2. HP: 10/19 MP: 0/5
  1116 | D:1      | Reached XP level 3. HP: 22/24 MP: 0/6
  2398 | D:2      | Noticed Robin
  2419 | D:2      | HP: 1/24 [Robin/+0 dagger (3)]
  2420 | D:2      | Slain by a goblin

Illustrated notes

Levels and vault maps discovered:
D:1:      dpeg_arrival_rooms_with_view, layout_basic
D:2:      layout_loops_ring, grunt_gozag_breadcrumbs, serial_bayou_crossing,
          uniq_sigmund, uniq_robin

Skill      XL: |  1  2  3 |
---------------+----------+-----
Conjurations   | 2 |  2.0
Dodging        | |  2.0
Stealth        | |  2.0
Spellcasting   | |  2.6
Fire Magic     | |  3.5

Action                   || total
-------------------------++-------
Melee: Unarmed           ||    98
 Cast: Foxfire           ||    45
 Stab: Sleeping          ||     3
  Eat: Chunk             ||     5
Armor: Robe              ||    24
Dodge: Dodged            ||    79
